Map: Darkness Sanctuary LE

Players

Harstem - Winner!

  • Race: Protoss Protoss
  • League: Master
  • Spawn Location: 7:00

InZaNe

  • Race: Terran Terran
  • League: Grandmaster
  • Spawn Location: 11:00

Event: HomeStory Cup XVII

VOD

Have the link to the VOD?

Description

Time

  • Played on: June 28, 2018, 6:33 a.m.
  • Length: 12:03

All games in this series

Show
View Real Time Build Order
Export as new Build Order

Harstem Protoss - Winner!

Build Orders: 1 Gate Expand, Oracle Opening 

Get SALT Encoding   

  12  0:00  Probe  
  13  0:13  Probe  
  14  0:18  Pylon  
  14  0:25  Probe  
  15  0:33  Probe  
  15  0:40  Gateway  
  15  0:41  Probe  
  16  0:47  Assimilator  
  17  0:51  Probe  
  18  1:03  Probe  
  19  1:15  Probe  
  20  1:23  Nexus  
  20  1:32  Cybernetics Core  
  20  1:35  Probe  
  21  1:41  Assimilator  
  21  1:47  Probe  
  22  1:55  Pylon  
  22  1:59  Probe  
  23  2:03  Adept  
  23  2:13  Probe  
  26  2:16  Stargate  
  26  2:24  Warp Gate  
  26  2:25  Probe  
  26  2:29  Adept  
  27  2:35  Probe  
  27  2:37  Probe  
  30  2:47  Probe  
  30  2:49  Probe  
  32  2:51  Oracle  
  32  2:59  Probe  
  32  3:01  Probe  
  36  3:11  Probe  
  37  3:13  Probe  
  37  3:19  Oracle  
  38  3:21  Pylon  
  38  3:24  Probe  
  38  3:25  Probe  
  43  3:36  Probe  
  43  3:38  Probe  
  45  3:45  Nexus  
  45  3:48  Probe  
  46  3:50  Probe  
  47  3:59  Probe  
  47  4:02  Probe  
  47  4:07  Forge, Probe  
  47  4:08  Twilight Council  
  45  4:13  Assimilator  
  45  4:14  Probe  
  45  4:15  Probe  
  47  4:17  Assimilator  
  48  4:26  Probe x2  
  48  4:30  Gateway  
  48  4:31  Protoss Ground Weapons Level 1, Gateway, Pylon  
  50  4:38  Probe x2  
  51  4:39  Adept  
  54  4:50  Probe x2  
  54  4:51  Robotics Facility  
  54  4:52  Blink  
  56  5:02  Probe x2  
  56  5:03  Probe  
  59  5:11  Probe  
  59  5:12  Sentry  
  59  5:13  Probe  
  61  5:14  Probe  
  61  5:16  Gateway  
  61  5:18  Gateway  
  61  5:19  Probe  
  61  5:21  Probe, Pylon  
  64  5:26  Probe  
  67  5:29  Probe  
  67  5:30  Probe  
  67  5:31  Pylon  
  69  5:39  Immortal, Probe  
  71  5:45  Robotics Bay  
  74  5:50  Probe  
  74  5:51  Probe  
  74  5:54  Forge  
  74  5:56  Probe  
  77  5:57  Adept, Assimilator  
  77  6:02  Assimilator  
  79  6:04  Sentry  
  79  6:05  Stalker  
  79  6:08  Probe x2, Pylon  
  85  6:15  Stalker x2  
  85  6:16  Pylon  
  89  6:21  Protoss Ground Weapons Level 2  
  89  6:22  Stalker  
  89  6:24  Photon Cannon  
  89  6:25  Colossus  
  89  6:26  Pylon  
  89  6:29  Pylon  
  89  6:30  Protoss Ground Armor Level 1  
  95  6:44  Extended Thermal Lance  
  95  6:47  Stalker x3  
  95  6:48  Probe x2  
  104  7:01  Probe, Pylon  
  105  7:03  Charge  
  105  7:04  Colossus  
  105  7:05  Zealot x2  
  108  7:14  Gateway  
  108  7:16  Gateway  
  114  7:24  Stalker x3  
  120  7:30  Pylon  
  120  7:32  Shield Battery  
  120  7:39  Probe  
  120  7:43  Colossus  
  121  7:48  Stalker x2  
  121  7:49  Stalker x3  
  131  7:57  Pylon  
  131  7:58  Pylon  
  131  8:02  Gateway  
  135  8:09  Pylon  
  135  8:14  Pylon  
  135  8:25  Protoss Ground Armor Level 2, Disruptor, Zealot x4  
  141  8:27  Nexus  
  141  8:30  Pylon  
  141  8:36  Dark Shrine  
  141  8:40  Pylon  
  144  8:46  Protoss Ground Weapons Level 3  
  144  8:47  Zealot x3  
  148  8:54  Pylon  
  148  8:56  Disruptor  
  146  9:06  Stalker x3  
  146  9:08  Probe  
  156  9:11  Pylon  
  156  9:24  Zealot x3  
  156  9:25  Zealot x2  
  156  9:26  Immortal, Pylon  
  166  9:37  Robotics Facility  
  170  9:41  Templar Archives  
  168  9:49  Zealot x5  
  178  10:05  Immortal  
  182  10:10  Pylon  
  182  10:18  Immortal  
  168  10:26  High Templar x3  
  168  10:27  High Templar  
  174  10:31  Zealot x4  
  174  10:32  Archon  
  174  10:33  Archon  
  184  10:56  Dark Templar x4  
  187  11:01  Dark Templar x2  
  191  11:10  Probe  
  179  11:12  Pylon  
  164  11:25  Probe  
  128  11:33  Dark Templar x5  
  128  11:34  Zealot  
  128  11:35  Probe  
  128  11:37  Probe  
  124  11:45  Nexus  
  124  11:46  Pylon  
  122  11:47  Probe  
Show
View Real Time Build Order
Export as new Build Order

InZaNe Terran 

Build Orders: Reaper Expand, MMM Bio 

Get SALT Encoding   

  12  0:00  SCV  
  13  0:12  SCV  
  14  0:17  Supply Depot  
  14  0:24  SCV  
  15  0:39  SCV  
  15  0:40  Barracks  
  16  0:45  Refinery  
  16  0:51  SCV  
  17  1:03  SCV  
  18  1:15  SCV  
  19  1:27  Reaper  
  19  1:28  Orbital Command  
  20  1:40  Command Center  
  20  1:54  SCV  
  20  2:00  Barracks Reactor  
  21  2:06  SCV  
  21  2:08  Supply Depot  
  22  2:18  SCV  
  23  2:30  SCV  
  23  2:35  Command Center  
  24  2:39  Marine x2  
  24  2:42  SCV  
  27  2:47  Barracks  
  27  2:54  Orbital Command  
  27  2:55  SCV  
  27  2:57  Marine  
  29  3:00  Marine  
  30  3:10  Engineering Bay  
  30  3:11  SCV  
  30  3:16  Marine  
  30  3:17  Marine  
  32  3:20  SCV  
  32  3:23  SCV  
  34  3:30  Bunker  
  34  3:32  SCV  
  35  3:34  Barracks Tech Lab  
  35  3:35  SCV  
  35  3:36  Terran Infantry Weapons Level 1  
  35  3:38  Missile Turret  
  35  3:40  Marine  
  35  3:41  Marine  
  38  3:45  SCV  
  38  3:47  SCV  
  37  3:57  Marine  
  37  3:58  Marine x2  
  35  4:05  SCV x2  
  35  4:07  Orbital Command  
  35  4:09  Stimpack  
  37  4:14  Marine  
  38  4:17  SCV x2  
  38  4:18  Missile Turret  
  38  4:19  Marine x2  
  42  4:31  SCV x2  
  42  4:32  Marine  
  42  4:33  Factory, SCV  
  42  4:36  Barracks  
  46  4:38  Marine  
  46  4:40  Marine  
  46  4:43  SCV  
  46  4:44  SCV  
  50  4:46  Refinery  
  50  4:47  Refinery, SCV  
  51  4:54  Marine  
  51  4:56  SCV x2  
  51  4:59  Supply Depot  
  55  5:00  SCV  
  55  5:02  Marine x2  
  56  5:08  SCV x2  
  56  5:12  Marine, SCV  
  60  5:19  Refinery  
  60  5:20  SCV x2  
  62  5:21  Factory Reactor  
  62  5:23  Starport  
  62  5:24  SCV  
  62  5:26  Engineering Bay, Armory  
  62  5:31  Marine x2  
  62  5:32  SCV x2  
  62  5:33  Barracks Tech Lab  
  66  5:36  Supply Depot  
  66  5:38  Marine  
  66  5:41  Supply Depot  
  67  5:48  Orbital Command  
  67  5:49  Marine x2  
  67  5:51  Combat Shields  
  69  5:58  Marauder x2  
  69  6:00  Supply Depot  
  69  6:02  Supply Depot  
  72  6:05  Terran Infantry Armor Level 1  
  72  6:08  Marine x2  
  72  6:11  Factory Reactor  
  74  6:12  SCV x2  
  74  6:14  Medivac  
  78  6:20  Medivac  
  78  6:21  SCV  
  78  6:24  SCV  
  78  6:25  SCV  
  83  6:26  Missile Turret  
  83  6:28  Marine x3  
  83  6:29  Marine  
  87  6:33  SCV, Barracks  
  87  6:34  Barracks, Terran Infantry Weapons Level 2  
  88  6:41  SCV x2  
  88  6:45  SCV  
  88  6:46  Supply Depot x2  
  91  6:52  Concussive Shells  
  91  6:53  Marine, Marauder x2, SCV x2  
  98  6:57  SCV  
  98  6:58  Widow Mine  
  101  7:01  Supply Depot  
  101  7:07  Medivac  
  101  7:08  Medivac, Widow Mine, Supply Depot, Marine, SCV  
  108  7:09  SCV  
  108  7:11  Refinery  
  108  7:13  Refinery, SCV  
  111  7:20  Marauder, SCV  
  111  7:21  Barracks Reactor, Marauder  
  115  7:22  Barracks Tech Lab  
  115  7:23  Marine  
  115  7:28  SCV x2  
  118  7:32  SCV  
  118  7:33  Starport  
  119  7:40  SCV x2  
  119  7:41  Factory Tech Lab  
  119  7:42  Viking, Supply Depot x2  
  119  7:43  Supply Depot  
  66  7:44  Viking, SCV  
  124  7:47  Supply Depot  
  126  7:53  Terran Ship Weapons Level 1  
  125  8:04  Siege Tank  
  134  8:10  Barracks x2  
  134  8:11  Barracks  
  134  8:13  Supply Depot, Terran Infantry Armor Level 2  
  134  8:17  Viking  
  130  8:20  Viking  
  130  8:21  Viking  
  130  8:25  Viking  
  130  8:26  Marine x7  
  139  8:34  Supply Depot  
  139  8:35  Supply Depot  
  139  8:37  Siege Tank  
  142  8:43  Marine  
  142  8:44  Marine  
  142  8:47  Marauder x2  
  150  8:48  Marauder  
  150  8:50  Marine x2  
  150  8:53  Viking  
  154  8:56  Viking  
  154  9:01  Viking, Command Center  
  154  9:02  Viking  
  157  9:05  Marine x3  
  160  9:13  Marine x3  
  160  9:14  Marauder  
  160  9:16  Marine x2, Missile Turret  
  166  9:22  Marauder  
  161  9:28  Marine x2  
  162  9:32  Siege Tank  
  162  9:33  Viking x2  
  162  9:34  Marauder  
  169  9:45  Viking  
  169  9:46  Viking  
  169  9:49  Marine x4  
  174  10:01  Supply Depot  
  174  10:02  Supply Depot  
  174  10:09  Starport, Fusion Core  
  174  10:19  Marine  
  174  10:20  Marine x3, Marauder x2  
  163  10:28  Marauder  
  160  10:30  Siege Tank  
  160  10:31  Barracks Tech Lab  
  160  10:33  Barracks Tech Lab x2  
  160  10:40  Marine x3  
  161  10:48  Marine x2  
  162  10:50  Marauder x2  
  143  10:59  Marine x2  
  132  11:10  Siege Tank  
  129  11:13  Marine x3  
  127  11:18  Marauder x2  
  127  11:19  Marauder  
  71  11:35  Orbital Command  
Tags
 
Add a new tag
Caveats
  • Supply blocks, unpowered buildings, or Contaminate may cause inaccurate times.
  • Supply counts are checked every 10 seconds.